 Dungeon Crawl Stone Soup version 0.30-a0-953-g5f1da4a474 (webtiles) character file.

Game seed: 16693524763407792476

3926 NinjaNoafa the Summoner (level 10, -2/42 HPs)
             Began as a Felid Summoner on Mar 28, 2023.
             Was an Initiate of Gozag.
             Slain by a gnoll sergeant
             ... wielding a +1 heavy spear
              (14 damage)
             ... on level 10 of the Dungeon.
             The game lasted 00:24:09 (9675 turns).

NinjaNoafa the Summoner (Felid Summoner)            Turns: 9675, Time: 00:24:09

Health: -2/42      AC:  2    Str:  4    XL:     10   Next: 1%
Magic:  15/24      EV: 19    Int: 22    God:    Gozag
Gold:   1353       SH:  0    Dex: 16    Spells: 13/28 levels left
                                        Lives:  0   Deaths: 3

rFire   . . .      SeeInvis +    (weapon unavailable)
rCold   . . .      Faith    .    (shield unavailable)
rNeg    . . .      Spirit   .    (body armour unavailable)
rPois   .          Reflect  .    (helmet unavailable)
rElec   .          Rampage  .    (cloak unavailable)
rCorr   .                        (gloves unavailable)
Will    +....                    (boots unavailable)
Stlth   ++                       (no amulet)
HPRegen 0.27/turn                t - ring of wizardry
MPRegen 0.19/turn                v - ring of flight

@: flying, quick
A: very small, claws 1, fangs 3, see invisible, speed 1, shaggy fur 2, stealthy
paws, no weapons or thrown items, no armour, multi-lived
a: Renounce Religion, Potion Petition, Call Merchant, Bribe Branch


You were on level 10 of the Dungeon.
You worshipped Gozag.
Gozag was most pleased with you.
You visited 2 branches of the dungeon, and saw 11 of its levels.
You also visited: Bailey.

You collected 1935 gold pieces.
You spent 461 gold pieces at shops.
You paid 121 gold pieces to Gozag.

Inventory:

Jewellery
 t - a ring of wizardry (left paw)
 v - a ring of flight (right paw)
Wands
 z - a wand of polymorph (11)
 C - a wand of mindburst (4)
 D - a wand of light (1)
Scrolls
 c - 2 scrolls of magic mapping {unknown}
 d - 3 scrolls of enchant weapon {unknown}
 f - 2 scrolls of silence {unknown}
 g - 2 scrolls of torment {unknown}
 h - 3 scrolls of amnesia {unknown}
 m - 6 scrolls of teleportation
 n - 2 scrolls of fear {unknown}
 q - a scroll of enchant armour {unknown}
 r - 3 scrolls of poison {unknown}
 s - 2 scrolls of noise {unknown}
 u - 2 scrolls of immolation
 w - 3 scrolls of fog
 y - 2 scrolls of blinking
 B - 3 scrolls of identify
Potions
 a - 2 potions of magic
 b - 6 potions of curing
 e - 3 potions of lignification
 i - 5 potions of heal wounds
 j - 5 potions of might
 k - 2 potions of attraction
 l - 3 potions of flight
 o - a potion of berserk rage
 p - 2 potions of mutation {unknown}
 x - a potion of cancellation {unknown}
Miscellaneous
 A - a piece from Xom's chessboard (15/15)


   Skills:
 + Level 3.3 Fighting
 + Level 5.3 Dodging
 - Level 2.6 Stealth
 + Level 9.8 Spellcasting
 - Level 5.0 Hexes
 - Level 10.0 Summonings
 - Level 3.0 Translocations
 - Level 7.0 Air Magic


You had 13 spell levels left.
You knew the following spells:

 Your Spells              Type           Power      Damage    Failure   Level
a - Summon Small Mammal   Summ           100%       N/A       1%          1
b - Call Imp              Summ           53%        N/A       1%          2
c - Call Canine Familiar  Summ           53%        N/A       1%          3
d - Summon Guardian Gole  Hex/Summ       43%        N/A       1%          3
e - Summon Lightning Spi  Summ/Air       48%        N/A       1%          4
f - Blink                 Tloc           48%        N/A       1%          2

Your spell library contained the following spells:

 Spells                   Type           Power      Damage    Failure   Level
 Cigotuvi's Dreadful Rot  Necr/Pois/Air  42%        N/A       1%          2
 Lesser Beckoning         Tloc           48%        N/A       1%          2
 Momentum Strike          Conj/Tloc      34%        3d8       1%          2
 Poisonous Vapours        Pois/Air       52%        N/A       1%          2
 Confusing Touch          Hex            32%        N/A       1%          3
 Kiss of Death            Conj/Necr      40%        2d8       2%          1
 Necrotise                Necr           40%        1d6       2%          1
 Sandblast                Erth           20%        2d7       2%          1
 Mephitic Cloud           Conj/Pois/Air  21%        N/A       2%          3
 Passwall                 Tmut/Erth      8%         N/A       4%          2
 Stone Arrow              Conj/Erth      20%        3d8       8%          3
 Vampiric Draining        Necr           10%        2d6       8%          3
 Dispel Undead            Necr           10%        3d9       24%         4
 Agony                    Necr           10%        N/A       52%         5
 Lehudib's Crystal Spear  Conj/Erth      5%         10d3      100%        8
 Animate Armour           Summ/Erth      Unusable   N/A       N/A         4

Dungeon Overview and Level Annotations

Branches:
Dungeon (10/15)            Temple (1/1) D:6          Bailey (visited)
   Lair: D:8-11         Orc: D:9-12

Altars:
Ashenzari
Cheibriados
Dithmenos
Elyvilon
Fedhas
Gozag
Hepliaklqana
Kikubaaqudgha
Makhleb
Nemelex Xobeh
Okawaru
Qazlal
Ru
Sif Muna
Trog
Uskayaw
Vehumet
Wu Jian
Xom
Yredelemnul
Zin
The Shining One

Shops:
D:3 (

Annotations:
D:10 Fannar


Innate Abilities, Weirdness & Mutations

You have sharp claws.
You have razor-sharp teeth.
You have supernaturally acute eyesight. (SInv)
You cover ground quickly. (Speed+)
You are covered in thick fur. (AC +2)
Your paws help you pounce on unaware monsters.
You are incapable of wielding weapons or throwing items.
You cannot wear armour.
You gain extra lives every three experience levels.


Message History

The bolt of electricity hits Fannar!
Okay, then.
You fly up into the air.
v - a ring of flight (right paw) Fannar mumbles some strange words.
Fannar drains the heat from the surrounding environment!
Ouch! That really hurt!
* * * LOW HITPOINT WARNING * * *
Your lightning spire resists.
Okay, then.
As you read the scroll of teleportation, it crumbles to dust.
You feel strangely unstable.
Your lightning spire shoots out a bolt of lightning at Fannar!
The bolt of electricity hits Fannar!
The bolt of electricity hits the ice beast!
The bolt of electricity hits the ice beast.
Fannar hits your lightning spire but does no damage.
Fannar freezes your lightning spire.
Casting: Summon Lightning Spire (dangerous; 1% risk of failure)
Confirm with . or Enter, or press ? or * to list all spells.
Your lightning spire shoots out a bolt of lightning at Fannar!
The bolt of electricity hits the ice beast!
The ice beast dies!
The ice beast disappears in a puff of smoke!
The bolt of electricity hits Fannar!
Your lightning spire shoots out a bolt of lightning at Fannar!
The bolt of electricity misses Fannar.
Casting: Call Canine Familiar (safe; 1% risk of failure)
Confirm with . or Enter, or press ? or * to list all spells.
A guardian golem appears, shielding your allies.
Fannar hits your lightning spire with a staff of cold.
Your surroundings suddenly seem different. 4 yaks, a gnoll sergeant, 3 gnolls and an orc priest come into view.
The gnoll sergeant is wielding a +1 heavy spear.
The yak bellows!
The gnoll shouts!
You hear a shout!
You hear a bellow!
You hear a shout!
The yak bellows!
The gnoll sergeant shouts!
An orc wizard comes into view. It is wielding a +0 dagger.
The gnoll sergeant hits you with a +1 heavy spear!
You die...
Your body crumbles into a pile of gold. $ #'##### ....... . ....... .. ....... $ YY. .......## Yo..

.......g# .....
.......g#......
.......@..gY...
.......##..g...
####### #####


You could see 4 yaks, a gnoll sergeant, an orc wizard and 3 gnolls.

Vanquished Creatures
  A bat (D:1)
  A kobold (D:3)
2 creatures vanquished.

Vanquished Creatures (collateral kills)
  Erica (D:9)
  A two-headed ogre (D:8)
  An orc knight (Bailey)
  An efreet (D:9)
  A kobold demonologist (D:9)
  A wraith (D:10)
  2 yaks (D:8)
  A steam dragon (D:9)
  Menkaure (D:5)
  A water moccasin (D:7)
  5 orc warriors
  A sky beast (D:7)
  2 ice beasts
  2 centaurs
  3 phantoms
  6 kobold brigands
  2 bullfrogs
  7 scorpions
  6 killer bees
  2 howler monkeys
  2 hounds
  7 orc priests
  A sleepcap (D:6)
  Natasha (thrice) (D:2)
  4 iguanas
  7 orc wizards
  5 gnolls (D:5)
  3 adders
  11 river rats (D:8)
  2 shadow imps (D:9)
  2 white imps
  2 worms (D:2)
  2 dart slugs
  34 orcs
  7 endoplasms
  3 giant cockroaches
  8 goblins
  11 hobgoblins
  2 jackals (D:2)
  4 quokkas
  9 ball pythons
  5 bats
  5 frilled lizards
  48 kobolds
  8 kobold skeletons (D:9)
  10 kobold zombies (D:9)
  14 rats
266 creatures vanquished.

Vanquished Creatures (others)
  Joseph (D:7)
  Prince Ribbit (D:6)
  A wyvern (D:7)
  4 yaks (D:8)
  An orc warrior (Bailey)
  An ogre (D:6)
  3 killer bees (D:9)
  Crazy Yiuf (D:3)
  2 gnolls (D:5)
  A white imp (D:8)
  12 fungi (D:8)
  11 plants
39 creatures vanquished.

Grand Total: 307 creatures vanquished

Notes
Turn   | Place    | Note
-------+----------+-------------------------------------------
     0 | D:1      | NinjaNoafa the Felid Summoner began the quest for the Orb.
     0 | D:1      | Reached XP level 1. HP: 7/7 MP: 4/4
    53 | D:1      | Found a faded altar of an unknown god.
   260 | D:1      | Reached XP level 2. HP: 11/11 MP: 3/6
   264 | D:1      | Learned a level 2 spell: Call Imp
   882 | D:2      | Reached XP level 3. HP: 11/14 MP: 2/8
   886 | D:2      | Learned a level 3 spell: Call Canine Familiar
  1102 | D:2      | Noticed Natasha
  1114 | D:2      | Killed Natasha
  1251 | D:2      | Reached XP level 4. HP: 18/18 MP: 4/9
  1293 | D:2      | Noticed Natasha
  1296 | D:2      | Killed Natasha
  1297 | D:2      | Reached skill level 5 in Summonings
  1373 | D:2      | Found a shadowy altar of Dithmenos.
  1452 | D:2      | Noticed Natasha
  1465 | D:2      | Killed Natasha
  1825 | D:3      | Reached XP level 5. HP: 21/21 MP: 3/11
  1830 | D:3      | Found Qallumep's Weapon Shoppe.
  2069 | D:3      | Killed from afar by a white imp
  2070 | D:3      | Reached XP level 4. HP: -2/18 MP: 2/10
  2157 | D:3      | Found a runed translucent door.
  2158 | D:3      | Noticed Crazy Yiuf
  2248 | D:3      | Reached skill level 1 in Hexes
  2439 | D:3      | Noticed a phantom
  2494 | D:3      | Learned a level 3 spell: Summon Guardian Golem
  2821 | D:3      | Killed Crazy Yiuf
  3028 | D:4      | Reached XP level 5. HP: 21/21 MP: 3/12
  3079 | D:4      | Noticed an ice beast
  3104 | D:4      | Killed an ice beast
  3212 | D:4      | Gained mutation: You are covered in thick fur. (AC +2)
                  | [Felid growth]
  3212 | D:4      | Reached XP level 6. HP: 24/24 MP: 5/13
  3385 | D:4      | Reached skill level 6 in Summonings
  3563 | D:5      | Entered Level 5 of the Dungeon
  3762 | D:5      | Reached XP level 7. HP: 27/27 MP: 8/15
  3788 | D:5      | Noticed Menkaure
  3803 | D:5      | Killed Menkaure
  3804 | D:5      | Reached skill level 5 in Spellcasting
  3804 | D:5      | Reached skill level 5 in Hexes
  4055 | D:5      | Reached skill level 7 in Summonings
  4625 | D:6      | Found a faded altar of an unknown god.
  4638 | D:6      | Noticed Prince Ribbit
  4640 | D:6      | Found a staircase to the Ecumenical Temple.
  4665 | D:6      | Reached skill level 1 in Air Magic
  4665 | D:6      | Killed Prince Ribbit
  4666 | D:6      | Reached XP level 8. HP: 31/31 MP: 13/17
  4684 | Temple   | Entered the Ecumenical Temple
  4710 | Temple   | Became a worshipper of Gozag Ym Sagoz the Greedy
  5151 | D:6      | Found a broken altar of Ashenzari.
  5321 | D:7      | Learned a level 4 spell: Summon Lightning Spire
  5428 | D:7      | Reached skill level 8 in Summonings
  5519 | D:7      | Killed from afar by a white imp
  5520 | D:7      | Reached XP level 7. HP: -2/27 MP: 4/17
  5551 | D:7      | Found a hazy altar of Hepliaklqana.
  5575 | D:7      | Noticed a wyvern
  5585 | D:7      | Killed a wyvern
  5604 | D:7      | Found a flagged portal.
  5610 | Bailey   | Entered a bailey
  5626 | Bailey   | Reached XP level 8. HP: 31/31 MP: 13/19
  5724 | Bailey   | Noticed an orc knight
  5908 | Bailey   | Killed an orc knight
  6016 | Bailey   | Reached skill level 9 in Summonings
  6157 | D:7      | Reached XP level 9. HP: 34/34 MP: 16/21
  6404 | D:7      | Noticed Joseph
  6458 | D:7      | Killed Joseph
  6459 | D:7      | Reached skill level 5 in Air Magic
  7175 | D:8      | Reached skill level 10 in Summonings
  7197 | D:8      | Reached XP level 10. HP: 37/37 MP: 8/23
  7214 | D:8      | Found a blossoming altar of Fedhas.
  7319 | D:8      | Noticed a two-headed ogre
  7329 | D:8      | Killed a two-headed ogre
  7438 | D:8      | Found Romol's Magic Scroll Shoppe.
  7446 | D:8      | Bought a scroll of identify for 22 gold pieces
  7446 | D:8      | Bought a scroll of identify for 22 gold pieces
  7446 | D:8      | Bought a scroll of identify for 22 gold pieces
  7446 | D:8      | Bought a scroll of blinking for 82 gold pieces
  7446 | D:8      | Bought a scroll of blinking for 82 gold pieces
  7446 | D:8      | Bought a scroll of fog for 44 gold pieces
  7446 | D:8      | Bought a scroll of fog for 44 gold pieces
  7446 | D:8      | Bought a scroll of teleportation for 33 gold pieces
  7446 | D:8      | Bought a scroll of teleportation for 33 gold pieces
  7446 | D:8      | Bought a scroll of teleportation for 33 gold pieces
  7446 | D:8      | Bought a scroll of immolation for 44 gold pieces
  8433 | D:8      | Learned a level 2 spell: Blink
  8492 | D:9      | Noticed Erica
  8506 | D:9      | Killed Erica
  8507 | D:9      | Reached skill level 1 in Fighting
  8990 | D:9      | Found an ancient bone altar of Kikubaaqudgha.
  9173 | D:9      | Engulfed by a cloud of steam
  9174 | D:9      | Reached XP level 9. HP: -5/37 MP: 21/23
  9295 | D:9      | Noticed an efreet
  9308 | D:9      | Killed an efreet
  9309 | D:9      | Reached skill level 5 in Dodging
  9351 | D:9      | Identified the +1 chain mail "Xaloucra" {rPois Str+9 Int-4
                  | Dex-2}
  9476 | D:10     | Entered Level 10 of the Dungeon
  9520 | D:10     | Reached XP level 10. HP: 42/42 MP: 19/24
  9661 | D:10     | Noticed Fannar
  9675 | D:10     | Slain by a gnoll sergeant

Illustrated notes

Levels and vault maps discovered:
D:1:      dpeg_arrival_tiny_a, layout_loops_cross,
          nicolae_ecumenical_snake_handling, minmay_misc_feat_tiny
D:2:      layout_basic, basic_altar, uniq_natasha
D:3:      layout_loops_ring, serial_shops, shop, kennysheep_generic_room_13,
          uniq_crazy_yiuf_cottage
D:4:      layout_cave_pools, bh_walls_and_bars
D:5:      layout_loops_ring, uniq_menkaure
D:6:      layout_cave_pods, cheibrodos_ashenzari_chains,
          minmay_temple_entry_grid, serial_column_ruins, column_ruins_hut,
          column_ruins_temple_circle, column_ruins_open_medium,
          column_ruins_columns_dead_end, column_ruins_grid_3,
          column_ruins_open_small_water, column_ruins_open_tiny,
          uniq_prince_ribbit1
D:7:      layout_loops_corners, nicolae_hepliaklqana_hazy_memory,
          enter_bailey_3, uniq_joseph
D:8:      layout_loops_ring, fedhas_altar_3, serial_shops, shop,
          dk_rats_in_the_wall
D:9:      wander_kiku_kobolds, layout_long_grid, small_chamber_with_monster,
          uniq_erica
D:10:     layout_roguey, david_orc_1_choice, gammafunk_ghost_hive, st_stairs_4,
          uniq_fannar, uniq_josephine
Temple:   hellmonk_temple_of_storms

Skill      XL: |  1  2  3  4  5  6  7  8  9 10 |
---------------+-------------------------------+-----
Spellcasting   | 3 4 5 7 8 9 |  9.8
Summonings     | 5 6 7 9 10 | 10.0
Hexes          | 2 3 4 5 |  5.0
Air Magic      | 1 4 6 7 |  7.0
Fighting       | 3 2 |  3.3
Dodging        | 5 4 |  5.3
Translocations | 3 |  3.0
Stealth        | |  2.6

Action                     |  1- 3 |  4- 6 |  7- 9 | 10-12 || total
---------------------------+-------+-------+-------+-------++-------
  Melee: Unarmed           |     4 |     6 |     3 |     2 ||    15
         Bite              |     1 |       |       |       ||     1
   Cast: Summon Small Mamm |    44 |    36 |    15 |     4 ||    99
         Call Imp          |    12 |    17 |    11 |     3 ||    43
         Call Canine Famil |     5 |    24 |    19 |     7 ||    55
         Summon Guardian G |       |     7 |    19 |     6 ||    32
         Summon Lightning  |       |       |    36 |    26 ||    62
         Blink             |       |       |       |     1 ||     1
    Use: Potion            |       |       |     1 |       ||     1
         Scroll            |       |       |       |     7 ||     7
   Stab: Betrayed ally     |       |       |     1 |       ||     1
 Armour: Skin              |     1 |     3 |     2 |     8 ||    14
  Dodge: Dodged            |    42 |    34 |    48 |    53 ||   177

Table legend: (Time is in decaauts)
 A = Elapsed time spent in this place.
 B = Non-inter-level travel time spent in this place.
 C = Inter-level travel time spent in this place.
 D = Time resting spent in this place.
 E = Time spent auto-exploring this place.
 F = Levels seen in this place.
 G = Mean time per level.
                   A        B        C        D        E       F      G
               +--------+--------+--------+--------+--------+-----+--------+
         Total |   8181 |   7754 |    427 |      0 |   4541 |  12 |  681.8 |
       Dungeon |   7711 |   7298 |    413 |      0 |   4345 |  10 |  771.1 |
        Temple |     38 |     24 |     14 |      0 |      0 |   1 |   38.0 |
        Bailey |    431 |    431 |      0 |      0 |    196 |   1 |  431.0 |
               +--------+--------+--------+--------+--------+-----+--------+

Top non-repeatable levels by time:
     D:8: 1322 daAuts
     D:7: 988 daAuts
     D:3: 918 daAuts
     D:2: 875 daAuts
     D:9: 854 daAuts
     D:6: 722 daAuts
     D:1: 670 daAuts
     D:5: 643 daAuts
     D:4: 553 daAuts
  Bailey: 431 daAuts
    D:10: 164 daAuts
  Temple: 38 daAuts
